cohdb
Replays
Latest Replays
All Replays
Popular Replays
Top Player Replays
Match Explorer
How It Works
Community
CoH3 Stats
Reddit
Sign in to upload your games and track your stats! →
Sign in with Steam
Match 42802080
Unlisted
Match 42802080
Overview
Messages
Build Orders
End
Vickers Machine Gun Team
Construct Section Command Post
Selects Canadian Shock Battlegroup
Infantry Section
Infantry Section
Grenade Package
Construct Platoon Command Post
Infantry Section
CMP 15cwt Truck
Selects Incendiary Munitions
Selects Offensive Resupply
Selects Canadian Shock Section
Canadian Shock Section
Construct Company Command Post
Unlock M3 Grant Medium Tanks
Selects Pyrotechnics
M3 Grant Medium Tank
Royal Engineer Section
Royal Engineer Section
M3 Grant Medium Tank
CMP 15cwt Truck
M3 Grant Medium Tank
Royal Engineer Section
Selects Churchill Crocodile Heavy Tank
Royal Engineer Section
Churchill Crocodile Heavy Tank
Royal Engineer Section
Selects Point Assault
Royal Engineer Section
M3 Grant Medium Tank
M3 Grant Medium Tank
M3 Grant Medium Tank
CMP 15cwt Truck
Royal Engineer Section
M3 Grant Medium Tank
Crusader II Medium Tank
Crusader II Medium Tank
Crusader II Medium Tank
Crusader II Medium Tank
De.Z.Yang.Schmidt
Andrzej Dupa
LuckySeven
Sergeant Shark
oxfordsdon
Valar[M]orgHulis
Elias
Rawr!
0
0
Comments
sign in to comment!
No comments posted yet!